 Dungeon Crawl Stone Soup version 0.28-a0-21-gf74fda84f9 (webtiles) character file.

Game seed: 13929923197788204290

829 Sin92 the Covered (level 7, -4/48 (55) HPs)
             Began as a Demonspawn Fighter on July 27, 2021.
             Was an Initiate of Okawaru.
             Slain by a wight (11 damage)
             ... on level 4 of the Dungeon.
             The game lasted 00:07:08 (4952 turns).

Sin92 the Covered (Demonspawn Fighter)              Turns: 4952, Time: 00:07:09

HP:   -4/48 (55)    AC:  8    Str: 16 (18) XL:     7   Next: 65%
MP:   7/7           EV:  8    Int: 12 (13) God:    Okawaru [......]
Gold: 1098          SH:  9    Dex: 10 (13) Spells: 6/6 levels left

rFire   . . .      SeeInvis .   k - +1 broad axe (vamp)
rCold   . . .      Faith    .   c - +0 kite shield
rNeg    . . .      Spirit   .   b - +0 scale mail
rPois   .          Reflect  .   (no helmet)
rElec   .          Harm     .   l - +0 cloak
rCorr   .          Rampage  .   (no gloves)
Will    .....                   (no boots)
Stlth   ..........              (no amulet)
HPRegen 0.16/turn               (no ring)
MPRegen 0.10/turn               (no ring)

@: studying Armour, heavily drained
A: hooves 2, ignite blood 1, big brain 2
a: Renounce Religion


You were on level 4 of the Dungeon.
You worshipped Okawaru.
Okawaru was noncommittal.
You visited 2 branches of the dungeon, and saw 5 of its levels.

You collected 1098 gold pieces.

Inventory:

Hand Weapons
 a - a +0 war axe
 k - a +1 vampiric broad axe (weapon)
Missiles
 m - 8 atropa-tipped darts (quivered)
Armour
 b - a +0 scale mail (worn)
 c - a +0 kite shield (worn)
 l - a +0 cloak (worn)
Scrolls
 e - 3 scrolls of identify
Potions
 g - 2 potions of brilliance
 h - a potion of flight
 i - 2 potions of curing


   Skills:
 + Level 4.5 Fighting
 * Level 5.0 Axes
 + Level 5.0 Armour
 + Level 2.9 Dodging
 + Level 4.0 Shields


You had 6 spell levels left.
You didn't know any spells.
Your spell library contained the following spells:

 Spells                   Type           Power      Damage    Failure   Level
 Foxfire                  Conj/Fire      0%         2x1d4     99%         1
 Conjure Flame            Conj/Fire      0%         6-21      100%        3
 Inner Flame              Hex/Fire       0%         N/A       100%        3


Dungeon Overview and Level Annotations

Branches:
Dungeon (4/15)             Temple (1/1) D:4

Altars:
Ashenzari
Cheibriados
Dithmenos
Elyvilon
Fedhas
Gozag
Hepliaklqana
Kikubaaqudgha
Makhleb
Nemelex Xobeh
Okawaru
Qazlal
Sif Muna
Trog
Uskayaw
Vehumet
Wu Jian
Xom
Yredelemnul
Zin
The Shining One


Innate Abilities, Weirdness & Mutations

You have hoof-like feet.
Your demonic aura sometimes causes spilled blood to erupt in flames.
You have an extremely huge brain. (Int +4)


Message History

You closely miss the wight. You kick the wight!
The wight is almost destroyed.
You block the wight's attack. The wight hits you with a +2 dagger!
Unknown command.
You hit the wight but do no damage.
The wight is almost destroyed.
The wight hits you with a +2 dagger!
You feel drained.
Unknown command.
You hit the wight but do no damage. Your kick misses the wight.
The wight is almost destroyed.
You block the wight's attack. x2
Unknown command.
You slash the wight!
You destroy the wight!
Okawaru accepts your kill. You block the wight's attack.
Your Axes skill increases to level 5!
Unknown command.
You closely miss the wight.
The wight hits you with a +8 great sword!
You feel drained. You block the wight's attack.
Unknown command.
You are too injured to fight recklessly!
Unknown command.
You are too injured to fight recklessly!
Unknown command.
You are too injured to fight recklessly!
Unknown command.
You are too injured to fight recklessly!
Unknown command.
You closely miss the wight.
The wight hits you with a +8 great sword!
* * * LOW HITPOINT WARNING * * *
Unknown command.
There is a stone staircase leading up here.
You slash the wight! You kick the wight.
The wight is heavily damaged.
You block the wight's attack.
The wight hits you with a +8 great sword!
You die...

###z§§.).# #.##.## #.....#
#§§z...# #.##..###.###.# #§§§...#
#.#...(.|...#.####
###......#######.###..##.#.#.....
.........##........##.##.#.######
....##.........#.#.##.##.#.#....#
....##..####.#.#.#.##.##.#.##.#.#
....##..# #.#.#z#.##.##.#......#
....##..# #.#..@#.##.##.####.###
....##..####.###.#.##.##^# #.# #
######..#......#.#.##..#.####.# #
#..#.##.#.#.#............###
#..#.##.#.#.#####.#.#######.
#....##.#.#.................
#.#####.#.########..#######. #.#
#)#.....# #..##### #. #.#
#.#####.# #..#...# #.


You could see a wight.

Vanquished Creatures
  Eustachio (D:4)
  Purgy (D:4)
  A black bear (D:4)
  A phantom (D:4)
  A scorpion (D:4)
  A wight (D:4)
  An orc priest (D:3)
  Jessica (D:3)
  2 iguanas
  9 adders
  4 gnolls (D:3)
  An adder skeleton (D:4)
  5 dart slugs
  2 orcs (D:3)
  10 ball pythons
  10 bats
  6 endoplasms
  3 giant cockroaches
  6 goblins
  7 hobgoblins
  6 jackals
  4 quokkas
  7 frilled lizards
  4 kobolds (D:2)
  8 rats
102 creatures vanquished.

Vanquished Creatures (others)
  A fungus (D:2)
1 creature vanquished.

Grand Total: 103 creatures vanquished

Notes
Turn   | Place    | Note
-------+----------+-------------------------------------------
     0 | D:1      | Sin92 the Demonspawn Fighter began the quest for the Orb.
     0 | D:1      | Reached XP level 1. HP: 18/18 MP: 1/1
   275 | D:1      | Gained mutation: Your demonic aura sometimes causes spilled
                  | blood to erupt in flames. [demonic ancestry]
   275 | D:1      | Reached XP level 2. HP: 22/24 MP: 2/2
   973 | D:2      | Gained mutation: You have an unusually large brain. (Int
                  | +2) [demonic ancestry]
   973 | D:2      | Reached XP level 3. HP: 29/29 MP: 3/3
  1017 | D:2      | Reached skill level 1 in Dodging
  1028 | D:2      | Identified a scroll of acquirement
  1028 | D:2      | Acquired 861 gold pieces
  1272 | D:2      | Reached XP level 4. HP: 32/35 MP: 4/4
  1513 | D:2      | Found a faded altar of an unknown god.
  1853 | D:2      | Acquired a manual of Armour
  2302 | D:3      | Noticed Jessica
  2313 | D:3      | Killed Jessica
  2314 | D:3      | Gained mutation: You have an extremely huge brain. (Int +4)
                  | [demonic ancestry]
  2314 | D:3      | Reached XP level 5. HP: 16/41 MP: 5/5
  3262 | D:3      | Gained mutation: You have large cloven feet. [demonic
                  | ancestry]
  3262 | D:3      | Reached XP level 6. HP: 18/48 MP: 6/6
  3447 | D:3      | Acquired a +1 vampiric broad axe
  3963 | D:4      | Noticed Purgy
  3975 | D:4      | Killed Purgy
  3976 | D:4      | Gained mutation: You have hoof-like feet. [demonic
                  | ancestry]
  3976 | D:4      | Reached XP level 7. HP: 33/54 MP: 7/7
  4094 | D:4      | Noticed Eustachio
  4132 | D:4      | Killed Eustachio
  4339 | D:4      | Found a staircase to the Ecumenical Temple.
  4353 | Temple   | Entered the Ecumenical Temple
  4398 | Temple   | Became a worshipper of Warmaster Okawaru
  4505 | D:4      | Reached skill level 5 in Armour
  4943 | D:4      | Reached skill level 5 in Axes
  4952 | D:4      | Slain by a wight

Illustrated notes

Levels and vault maps discovered:
D:1:      nzn_arrival_settlement, layout_basic, hangedman_glass_teeth
D:2:      layout_basic, shapermc_ecumenical_altar_ellora, minivault_23,
          minmay_joined_circles
D:3:      layout_rooms, st_stairs_4, roderic_batcave, uniq_jessica
D:4:      layout_basic, minmay_temple_entry_tees, serial_park_tiny_pond,
          uniq_ijyb, uniq_edmund, uniq_purgy, uniq_eustachio
Temple:   nicolae_temple_the_god_donut

Skill      XL: |  1  2  3  4  5  6  7 |
---------------+----------------------+-----
Axes           | 2 3 4 5 |  5.0
Armour         | 3 4 5 |  5.0
Dodging        | 1 2 |  2.9
Shields        | 3 4 |  4.0
Fighting       | 4 |  4.5

Action                   |  1- 3 |  4- 6 |  7- 9 || total
-------------------------+-------+-------+-------++-------
Melee: War axe           |    76 |   189 |       ||   265
       Broad axe         |       |    30 |    44 ||    74
       Kick              |       |    10 |    10 ||    20
  Use: Scroll            |     2 |     2 |     2 ||     6
       Potion            |       |     3 |     5 ||     8
Armor: Scale mail        |    44 |   120 |    13 ||   177
Dodge: Dodged            |    28 |    87 |    17 ||   132
Block: Kite shield       |    49 |   152 |    31 ||   232

Table legend: (Time is in decaauts)
 A = Elapsed time spent in this place.
 B = Non-inter-level travel time spent in this place.
 C = Inter-level travel time spent in this place.
 D = Time resting spent in this place.
 E = Time spent auto-exploring this place.
 F = Levels seen in this place.
 G = Mean time per level.
                   A        B        C        D        E       F      G
               +--------+--------+--------+--------+--------+-----+--------+
         Total |   5123 |   5035 |     88 |    664 |   3449 |   5 | 1024.6 |
       Dungeon |   5058 |   4988 |     70 |    664 |   3412 |   4 | 1264.5 |
        Temple |     64 |     46 |     18 |      0 |     37 |   1 |   64.0 |
               +--------+--------+--------+--------+--------+-----+--------+

Top non-repeatable levels by time:
     D:3: 1702 daAuts
     D:2: 1501 daAuts
     D:4: 957 daAuts
     D:1: 896 daAuts
  Temple: 64 daAuts
